 Dungeon Crawl Stone Soup version 0.18.1-1-g2f07953 (webtiles) character file.

1051 namelastname112 the Conjurer (level 8, 0/57 HPs)
             Began as a Black Draconian Conjurer on May 7, 2016.
             Slain by an orc warrior
             ... wielding a +0 flail
              (11 damage)
             ... on level 6 of the Dungeon.
             The game lasted 00:08:37 (4944 turns).

namelastname112 the Conjurer (DrCj)                 Turns: 4944, Time: 00:08:38

Health: 0/57       AC:  6    Str: 10    XL:     8   Next: 5%
Magic:  11/17      EV: 12    Int: 17    God:
Gold:   285        SH:  0    Dex: 16    Spells: 4 memorised, 7 levels left

rFire  . . .     SeeInvis .     c - +0 short sword
rCold  . . .     Gourm    .     (armour unavailable)
rNeg   . . .     Faith    .     (no shield)
rPois  .         Spirit   .     (helmet restricted)
rElec  +         Dismiss  .     (no cloak)
rCorr  .         Reflect  .     (no gloves)
SustAt .         Harm     .     (no boots)
MR     .....                    g - amulet of regeneration
Stlth  ++........               (no ring)
                                r - +3 ring of dexterity

@: short of breath, not resistant to hostile enchantments, unstealthy
A: breathe lightning, unfitting armour, electricity resistance, cold-blooded, AC
+6
a: Breathe Lightning


You were on level 6 of the Dungeon.
You were very hungry.

You visited 1 branch of the dungeon, and saw 6 of its levels.

You collected 285 gold pieces.

Inventory:

Hand Weapons
 c - a +0 short sword (weapon)
Armour
 n - a +0 buckler
Jewellery
 g - an amulet of regeneration (around neck)
 r - a +3 ring of dexterity (left hand)
Wands
 q - a wand of flame (24/48)
 u - a wand of iceblast (5/15)
 w - a wand of disintegration (15/24)
Scrolls
 e - a scroll of amnesia {unknown}
 f - 3 scrolls of identify
 h - 6 scrolls of remove curse {unknown}
 i - 2 scrolls of magic mapping {unknown}
 k - a scroll of immolation {unknown}
 l - 6 scrolls of teleportation {unknown}
 m - 2 scrolls of blinking {unknown}
 s - a scroll of enchant weapon {unknown}
 v - 2 scrolls of fog {unknown}
Potions
 j - 2 potions of curing
 o - a potion of heal wounds
 t - a potion of lignification
 z - 2 potions of haste {unknown}
 A - a potion of resistance {unknown}
 B - a potion of magic {unknown}
Books
 a - a book of Conjurations

   Spells                             Type                      Level
   a - Magic Dart                     Conjuration                  1
   b - Searing Ray                    Conjuration                  2
   c - Dazzling Spray                 Conjuration/Hexes            3
   d - Fulminant Prism                Conjuration/Hexes            4
   e - Iskenderun's Mystic Blast      Conjuration                  4
   f - Iskenderun's Battlesphere      Conjuration/Charms           5
 p - a book of Callings

   Spells                             Type                      Level
   a - Summon Small Mammal            Summoning                    1
   b - Call Imp                       Summoning                    2
   c - Call Canine Familiar           Summoning                    3
   d - Summon Guardian Golem          Hexes/Summoning              3
   e - Summon Lightning Spire         Summoning/Air                4
   f - Summon Ice Beast               Ice/Summoning                4
 y - a book of Party Tricks

   Spells                             Type                      Level
   a - Summon Butterflies             Summoning                    1
   b - Apportation                    Translocation                1
   c - Tukima's Dance                 Hexes                        3
   d - Alistair's Intoxication        Transmutation/Poison         5
   e - Invisibility                   Hexes                        6
Comestibles
 b - 4 bread rations
 d - 4 meat rations
 x - a slice of pizza


   Skills:
 - Level 1.7 Dodging
 - Level 1.7 Stealth
 + Level 6.0 Spellcasting
 + Level 7.0 Conjurations
 * Level 2.1 Charms
 * Level 3.1 Air Magic


You had 7 spell levels left.
You knew the following spells:

 Your Spells              Type           Power        Failure   Level  Hunger
a - Iskenderun's Battles  Conj/Chrm      ###.....     58%         5    #####..
s - Summon Lightning Spi  Summ/Air       ##......     71%         4    ####...
x - Searing Ray           Conj           ####..       1%          2    None
z - Magic Dart            Conj           ####         1%          1    None


Dungeon Overview and Level Annotations

Branches:
Dungeon (6/15)
 Temple: D:4-7

Altars:
Cheibriados
Fedhas
Okawaru
Ru
Sif Muna
Trog
Vehumet
Xom

Shops:
D:5 :

Annotations:
D:4 exclusion: statue


Innate Abilities, Weirdness & Mutations

You can breathe wild blasts of lightning.
Your glossy black scales are hard (AC +6).
Your body does not fit into most forms of armour.
You are resistant to electric shocks.
You are cold-blooded and may be slowed by cold attacks.


Message History

Beogh smites you!
You take 20 damage, and have 29/57 hp.
MASSIVE DAMAGE!!
You have got your breath back.
The orc priest calls down the wrath of Beogh upon you.
Beogh smites you!
You take 14 damage, and have 21/57 hp.
MASSIVE DAMAGE!!
You fail to use your ability.
You breathe a wild blast of lightning!
You hear a mighty clap of thunder!
The orb of electricity explodes!
The orb of electricity engulfs the orc warrior.
The orc warrior is almost dead.
The orb of electricity engulfs you! You resist.
* * * LOW HITPOINT WARNING * * *
The orb of electricity engulfs the orc priest.
You kill the orc priest!
You are feeling very hungry.
You hear a shout! x2
The orc warrior hits you with a flail!
You die...

## ######## #..
##..o...# #######.## ..#
##...###.# #....>....
.....###.....##)#
#.......##
....)))......##.#
#........#
.....###.....##o#
#........# ..#
##...###@# #.........
##### #.# ##.##.... #.#
#.#.)... ##.## #.#..###
#.(.# #....... ##...#
###.##.# ##....#
#####.##.#
####....#######........#
+.......................


You could see an orc warrior.

Vanquished Creatures
  A water moccasin (D:6)
  A sky beast (D:5)
  An ogre (D:4)
  A centaur (D:6)
  A scorpion (D:4)
  A howler monkey (D:4)
  A crimson imp (D:5)
  A jelly (D:5)
  A hound (D:5)
  2 orc priests (D:6)
  3 iguanas (D:4)
  Natasha (thrice) (D:4)
  4 worker ants
  A hound skeleton (D:4)
  Robin (D:2)
  3 gnolls (D:5)
  8 adders
  A dart slug (D:3)
  3 giant geckos
  4 orcs
  2 ball pythons (D:2)
  4 bats
  5 giant cockroaches
  12 goblins
  6 hobgoblins
  11 jackals
  A giant gecko skeleton (D:6)
  5 giant newts
  A jackal skeleton (D:4)
  9 kobolds
  A quokka skeleton (D:4)
  6 rats
105 creatures vanquished.

Notes
Turn   | Place    | Note
--------------------------------------------------------------
     0 | D:1      | namelastname112 the Draconian Conjurer began the quest for the Orb.
     0 | D:1      | Reached XP level 1. HP: 14/14 MP: 3/3
   434 | D:1      | Reached XP level 2. HP: 7/20 MP: 0/5
   642 | D:1      | Learned a level 2 spell: Searing Ray
  1377 | D:2      | Reached XP level 3. HP: 24/26 MP: 0/7
  1467 | D:2      | Found a bloodstained altar of Trog.
  1719 | D:2      | Noticed Robin
  1749 | D:2      | Killed Robin
  1749 | D:2      | Reached XP level 4. HP: 33/33 MP: 0/9
  2098 | D:3      | Found a snail-covered altar of Cheibriados.
  2145 | D:3      | Found a blossoming altar of Fedhas.
  2267 | D:3      | Reached skill level 5 in Conjurations
  2275 | D:3      | Found an iron altar of Okawaru.
  2733 | D:4      | Found a radiant altar of Vehumet.
  2733 | D:4      | Noticed a charred statue
  2783 | D:4      | Noticed Natasha
  2830 | D:4      | Reached XP level 5. HP: 25/38 MP: 5/11
  2856 | D:4      | Killed Natasha
  2899 | D:4      | Reached XP level 6. HP: 15/45 MP: 1/12
  3008 | D:4      | Noticed Natasha
  3013 | D:4      | Killed Natasha
  3038 | D:4      | Noticed Natasha
  3044 | D:4      | Killed Natasha
  3166 | D:4      | Reached skill level 6 in Conjurations
  3243 | D:4      | Reached skill level 5 in Spellcasting
  3500 | D:5      | Entered Level 5 of the Dungeon
  3505 | D:5      | Found a sacrificial altar of Ru.
  3629 | D:5      | Noticed a sky beast
  3651 | D:5      | Killed a sky beast
  3651 | D:5      | Your scales start taking on a glossy black colour.
  3651 | D:5      | Reached XP level 7. HP: 24/50 MP: 6/15
  3651 | D:5      | Gained mutation: You are resistant to electric shocks. [Black Draconian growth]
  3701 | D:5      | Learned a level 4 spell: Summon Lightning Spire
  3707 | D:5      | Learned a level 5 spell: Iskenderun's Battlesphere
  3834 | D:5      | Reached skill level 1 in Air Magic
  3932 | D:5      | Found Lizxuhuo's Book Shoppe.
  4104 | D:5      | Found a deep blue altar of Sif Muna.
  4162 | D:5      | Reached skill level 1 in Charms
  4563 | D:6      | Reached skill level 7 in Conjurations
  4609 | D:6      | Found a shimmering altar of Xom.
  4930 | D:6      | Reached XP level 8. HP: 43/57 MP: 9/17
  4944 | D:6      | Slain by an orc warrior

Skill      XL: |  1  2  3  4  5  6  7 |
---------------+----------------------+-----
Spellcasting   | 3 4 5 6 |  6.0
Conjurations   | 5 6 7 |  7.0
Air Magic      | 3 |  3.1
Charms         | 2 |  2.1
Dodging        | |  1.7
Stealth        | |  1.7

Action                   |  1- 3 |  4- 6 |  7- 9 || total
-------------------------+-------+-------+-------++-------
Melee: Short sword       |    68 |    16 |     2 ||    86
       Tailslap          |     8 |     2 |       ||    10
       Unarmed           |     2 |    23 |       ||    25
 Cast: Magic Dart        |    62 |    58 |    43 ||   163
       Searing Ray       |     1 |    12 |     6 ||    19
 Abil: Breathe Lightning |       |       |     5 ||     5
  Use: Potion            |       |     3 |       ||     3
       Scroll            |       |     1 |       ||     1
  Eat: Chunk             |     3 |     6 |     4 ||    13
Armor: Skin              |    36 |    48 |     9 ||    93
Dodge: Dodged            |    59 |    70 |    18 ||   147
